 Dungeon Crawl Stone Soup version 0.31-a0-319-g4fced400ed (webtiles) character file.

Game seed: 16620249452761789451

2153 Newt the Twirler (level 9, -2/71 HPs)
             Began as a Demonspawn Gladiator on July 17, 2023.
             Was a Believer of Okawaru.
             Slain by a yak (4 damage)
             ... on level 7 of the Dungeon.
             The game lasted 00:06:30 (6472 turns).

Newt the Twirler (Demonspawn Gladiator)             Turns: 6472, Time: 00:06:30

Health: -2/71      AC: 10    Str: 18    XL:     9   Next: 10%
Magic:  9/9        EV: 11    Int: 13    God:    Okawaru [**....]
Gold:   401        SH: 11    Dex: 15    Spells: 8/8 levels left

rFire   . . .        n - +3 quarterstaff
rCold   . . .        (shield currently unavailable)
rNeg    . . .        z - +3 ring mail of Quantum Leap {Int+3}
rPois   .            c - +0 helmet
rElec   .            (no cloak)
rCorr   +            (no gloves)
SInv    .            (no boots)
Will    .....        E - amulet of reflection
Stlth   +            k - ring of flight
HPRegen 0.31/turn    r - ring of resist corrosion
MPRegen 0.11/turn

%: reflection
@: flying
A: large bone plates 2, powered by death 2, condensation shield
a: Renounce Religion, Heroism


You were on level 7 of the Dungeon.
You worshipped Okawaru.
Okawaru was pleased with you.
You visited 1 branch of the dungeon, and saw 8 of its levels.

You collected 401 gold pieces.

Inventory:

Hand Weapons
 a - a +0 rapier
 n - a +3 quarterstaff (weapon)
 w - a +0 club
Missiles
 e - a javelin
 p - 4 boomerangs
 u - 2 throwing nets
 x - 19 poisoned darts
Armour
 b - a +0 leather armour
 c - a +0 helmet (worn)
 d - a +3 ring mail
 z - the +3 ring mail of Quantum Leap (worn) {Int+3}
   (You took it off a goblin on level 4 of the Dungeon)

   Int:       It affects your intelligence (+3).
Jewellery
 k - a ring of flight (left hand)
 q - an amulet of magic regeneration
 r - a ring of resist corrosion (right hand)
 E - an amulet of reflection (around neck)
 G - a +6 ring of intelligence
Wands
 y - a wand of polymorph (16)
Scrolls
 o - a scroll of torment
 s - 3 scrolls of immolation
 t - a scroll of fear
 B - a scroll of noise
 F - 3 scrolls of identify
 H - a scroll of acquirement {unknown}
 I - a scroll of silence {unknown}
Potions
 f - 2 potions of invisibility
 g - 2 potions of heal wounds
 h - a potion of might
 i - a potion of degeneration
 j - a potion of attraction
 l - a potion of haste
 m - a potion of brilliance
 v - 3 potions of curing
 A - a potion of magic
 C - 2 potions of mutation {unknown}
 D - a potion of enlightenment {unknown}


   Skills:
 - Level 6.4 Fighting
 - Level 2.6 Short Blades
 + Level 7.8 Staves
 - Level 1.7 Throwing
 - Level 5.0 Armour
 - Level 2.6 Dodging


You had 8 spell levels left.
You didn't know any spells.
Your spell library contained the following spells:

 Spells                   Type           Power      Damage    Failure   Level
 Cause Fear               Hex            0%         N/A       99%         4
 Fireball                 Conj/Fire      0%         3d3       100%        5
 Dragon's Call            Summ           Unusable   N/A       N/A         9

Dungeon Overview and Level Annotations

Branches:
Dungeon (8/15)             Temple (0/1) D:6
   Lair: D:8-11

Altars:
Ashenzari
Fedhas
Okawaru
Ru
Uskayaw
Wu Jian


Innate Abilities, Weirdness & Mutations

You are mostly covered in large bone plates. (SH +6)
You regenerate health from kills.
A meltable shield of frost defends you. (SH +0)


Message History

The steam dragon is heavily wounded.
The steam dragon breathes steam at you. The ball of steam hits you!
The yak is engulfed in a cloud of scalding steam. x2
You closely miss the steam dragon.
The steam dragon is heavily wounded.
You are engulfed in a cloud of scalding steam.
You block the steam dragon's attack.
The steam dragon claws you but does no damage.
You hit the steam dragon but do no damage.
The steam dragon is heavily wounded.
You are engulfed in a cloud of scalding steam.
* * * LOW HITPOINT WARNING * * *
You block the steam dragon's attack. x2
You hit the steam dragon but do no damage.
The steam dragon is heavily wounded.
The steam dragon breathes steam at you. The ball of steam hits you!
* * * LOW HITPOINT WARNING * * *
You feel much better.
You are engulfed in a cloud of scalding steam.
The steam dragon bites you.
The steam dragon claws you but does no damage.
You sock the steam dragon!
The steam dragon is almost dead.
You are engulfed in a cloud of scalding steam.
* * * LOW HITPOINT WARNING * * *
The steam dragon closely misses you. You block the steam dragon's attack.
You hit the steam dragon.
You kill the steam dragon!
Okawaru accepts your kill.
You are engulfed in a cloud of scalding steam.
* * * LOW HITPOINT WARNING * * *
Unknown command.
You barely miss the yak.
The yak is moderately wounded.
You are engulfed in a cloud of scalding steam.
* * * LOW HITPOINT WARNING * * *
The yak gores you.
You die...

#.........###.######.#
##########.................#
.................##.############
######...##.....)#.............#
###......###........##########.#
.........###..Y.Y#.## #.#
###...........##Y#.# #.#
#..###########Y#.# #.#
#..####### #@#.# #.# #......[.#
#.#.# ######.# ###)######.#
#.#.######....#.# .........#.#
#.#........##.#.# ###.##.###.#
#§###########.#.# ..#.##.# #.#
#.§...........#.# ....##.#
#.###################.# #...##.#
#...........# #.# #...##.#
###########.# #.#


You could see 3 yaks.

Vanquished Creatures
  Sigmund (D:5)
  A steam dragon (D:7)
  A water moccasin (D:6)
  2 ice beasts (D:6)
  A black bear (D:4)
  2 ogres
  2 centaurs
  2 kobold brigands (D:6)
  A bullfrog (D:6)
  4 scorpions
  3 hounds
  A jelly (D:6)
  A gnoll bouda (D:5)
  2 orc priests
  5 iguanas
  2 orc wizards
  10 adders
  9 gnolls
  2 shadow imps
  A white imp (D:7)
  2 ufetubi (D:5)
  3 dart slugs
  27 orcs
  6 endoplasms
  4 giant cockroaches
  9 hobgoblins
  10 jackals
  3 quokkas
  8 ball pythons
  5 bats
  6 frilled lizards
  7 goblins
  13 kobolds
  5 rats
161 creatures vanquished.

Notes
Turn   | Place    | Note
-------+----------+-------------------------------------------
     0 | D:1      | Newt the Demonspawn Gladiator began the quest for the Orb.
     0 | D:1      | Reached XP level 1. HP: 16/16 MP: 1/1
   346 | D:1      | Gained mutation: You regenerate a little health from kills.
                  | [demonic ancestry]
   346 | D:1      | Reached XP level 2. HP: 17/23 MP: 2/2
   859 | D:1      | Gained mutation: A meltable shield of frost defends you.
                  | (SH +0) [demonic ancestry]
   859 | D:1      | Reached XP level 3. HP: 29/29 MP: 3/3
  1616 | D:2      | Gained mutation: You are partially covered in large bone
                  | plates. (SH +4) [demonic ancestry]
  1616 | D:2      | Reached XP level 4. HP: 22/38 MP: 4/4
  1839 | D:2      | Found a broken altar of Ashenzari.
  2054 | D:3      | Reached skill level 5 in Fighting
  2056 | D:3      | Reached XP level 5. HP: 29/44 MP: 5/5
  2301 | D:3      | Found a faded altar of an unknown god.
  2366 | D:3      | Found a sacrificial altar of Ru.
  2367 | D:3      | Found a hide-covered altar of Uskayaw.
  2395 | D:3      | Found a blossoming altar of Fedhas.
  2396 | D:3      | Found an ornate altar of the Wu Jian Council.
  2626 | D:3      | Found an iron altar of Okawaru.
  2642 | D:3      | Became a worshipper of Warmaster Okawaru
  3066 | D:4      | Identified the +3 ring mail of Quantum Leap {Int+3}
  3066 | D:4      | Noticed an ogre
  3086 | D:4      | Gained mutation: You are mostly covered in large bone
                  | plates. (SH +6) [demonic ancestry]
  3086 | D:4      | Reached XP level 6. HP: 35/53 MP: 6/6
  3092 | D:4      | Reached skill level 1 in Staves
  3101 | D:4      | Reached skill level 2 in Staves
  3329 | D:4      | Reached skill level 3 in Staves
  3373 | D:4      | Reached * piety under Okawaru
  3628 | D:5      | Entered Level 5 of the Dungeon
  3639 | D:5      | Reached XP level 7. HP: 59/59 MP: 7/7
  3843 | D:5      | Reached skill level 4 in Staves
  3957 | D:5      | Noticed Sigmund
  3994 | D:5      | Killed Sigmund
  3995 | D:5      | Reached skill level 5 in Staves
  3995 | D:5      | Reached skill level 1 in Armour
  4774 | D:6      | Gained mutation: You regenerate health from kills. [demonic
                  | ancestry]
  4774 | D:6      | Reached XP level 8. HP: 65/65 MP: 8/8
  4813 | D:6      | Reached ** piety under Okawaru
  4960 | D:6      | Reached skill level 5 in Armour
  5059 | D:6      | Reached skill level 6 in Staves
  5213 | D:6      | Found a staircase to the Ecumenical Temple.
  5328 | D:6      | Reached skill level 7 in Staves
  5901 | D:7      | Reached XP level 9. HP: 71/71 MP: 9/9
  6472 | D:7      | HP: 2/71 [something (10)]
  6472 | D:7      | Slain by a yak

Illustrated notes

Levels and vault maps discovered:
D:1:      eino_arrival_cavern_d, layout_basic
D:2:      layout_rooms, basic_altar
D:3:      layout_loops_cross, okawaru_ov_weapons_minmay,
          mainiacjoe_overflow_alcove_3, hellmonk_ecumenical_altar_inner_sanctum,
          hangedman_decor_push, minivault_14, st_stairs_14
D:4:      layout_rooms
D:5:      layout_basic, uniq_sigmund
D:6:      layout_loops_ring, minmay_temple_entry_trees, lexackson_kobold_supper
D:7:      layout_basic
D:8:      layout_basic, erik_lair_island, minmay_misc_feat_hallway,
          grunt_ministairs_11, uniq_maggie

Skill      XL: |  1  2  3  4  5  6  7  8 |
---------------+-------------------------+-----
Fighting       | 3 4 5 6 |  6.4
Staves         | 3 5 7 |  7.8
Armour         | 3 5 |  5.0
Short Blades   | |  2.6
Throwing       | |  1.7
Dodging        | |  2.6

Action                     |  1- 3 |  4- 6 |  7- 9 || total
---------------------------+-------+-------+-------++-------
  Melee: Rapier            |   128 |    36 |       ||   164
         Quarterstaff      |       |   162 |   256 ||   418
  Throw: Throwing net      |     3 |     1 |       ||     4
    Use: Scroll            |     3 |     7 |     5 ||    15
         Potion            |     1 |       |     1 ||     2
   Stab: Held in net/web   |     2 |       |       ||     2
 Armour: Leather armour    |    28 |       |       ||    28
         Ring mail         |     8 |    86 |    94 ||   188
  Dodge: Dodged            |   103 |   101 |    83 ||   287
  Block: Other             |    10 |   102 |   193 ||   305
         Reflection        |       |       |     8 ||     8

Table legend: (Time is in decaauts)
 A = Elapsed time spent in this place.
 B = Non-inter-level travel time spent in this place.
 C = Inter-level travel time spent in this place.
 D = Time resting spent in this place.
 E = Time spent auto-exploring this place.
 F = Levels seen in this place.
 G = Mean time per level.
                   A        B        C        D        E       F      G
               +--------+--------+--------+--------+--------+-----+--------+
         Total |   6536 |   6375 |    161 |    847 |   4370 |   8 |  817.0 |
       Dungeon |   6536 |   6375 |    161 |    847 |   4370 |   8 |  817.0 |
               +--------+--------+--------+--------+--------+-----+--------+

Top non-repeatable levels by time:
     D:3: 1526 daAuts
     D:5: 1112 daAuts
     D:1: 940 daAuts
     D:7: 920 daAuts
     D:6: 815 daAuts
     D:4: 732 daAuts
     D:2: 485 daAuts
     D:8: 3 daAuts
